AoeStats
← MagniX

Arabia

504042092Analyzed
1v1 RM · 29d ago on Sep 3, 2026· 60m 29s· 2 players
Game mode
Random Map
Map size
Tiny (2 player)
Population
200
Speed
Normal
Resources
Standard
Victory
Conquest
Starting age
Dark Age
Ending age
Imperial Age
RankedLock teamsTeams togetherTeam positionsShared explorationLock speedFull tech treeHidden civsTurbo modeCheats
Victory
Defeat
🇮🇹 Vietnamese · Italy
797
+18
🇹🇷 Franks · Türkiye
845
-18
MagniX
6:43 Loom
9:53 Feudal Age
10:33 Double-Bit Axe
10:29 Horse Collar
19:38 Castle Age
18:19 Padded Archer Armor
18:10 Fletching
22:32 Wheelbarrow
23:07 Bow Saw
22:58 Heavy Plow
23:15 Leather Archer Armor
22:55 Bodkin Arrow
24:52 Gold Mining
24:53 Stone Mining
27:07 Hand Cart
26:43 Town Watch
28:16 Ballistics
29:04 Town Patrol
29:24 Forging
30:58 Chatras
36:04 Imperial Age
39:41 Chemistry
39:07 Bracer
39:37 Ring Archer Armor
40:34 Chemistry
39:17 Treadmill Crane
45:06 Forging
45:00 Scale Mail Armor
45:06 Scale Barding Armor
45:36 Cavalier
45:37 Light Cavalry
46:27 Bloodlines
46:17 Husbandry
50:34 Iron Casting
50:16 Chain Mail Armor
50:21 Chain Barding Armor
61:29 Two-Man Saw
61:00 Crop Rotation
61:10 Plate Mail Armor
61:15 Plate Barding Armor
60:43 Devotion
icglyn10
6:43 Loom
11:15 Feudal Age
13:01 Double-Bit Axe
21:10 Castle Age
19:58 Fletching
20:09 Padded Archer Armor
22:17 Wheelbarrow
22:39 Bow Saw
28:33 Fervor
31:26 Imperial Age
30:19 Hand Cart
30:51 Leather Archer Armor
30:48 Scale Barding Armor
31:09 Ballistics
30:41 Town Watch
31:53 Fortified Wall
33:01 Conscription
32:54 Elite Skirmisher
33:48 Forging
34:59 Husbandry
34:55 Cavalier
35:43 Stone Mining
35:47 Gold Mining
36:59 Chain Barding Armor
37:12 Chivalry
37:52 Capped Ram
39:27 Town Patrol
40:47 Plate Barding Armor
42:57 Light Cavalry
49:53 Iron Casting
49:15 Bodkin Arrow
50:37 Heavy Scorpion
Connection lost

Rejoining the realm…

Still unreachable

The connection could not be restored.

Session expired

The server has moved on; the page needs a fresh start.